 Dungeon Crawl Stone Soup version 0.27-a0-1565-gad902ab807 (webtiles) character file.

Game seed: 6373151544654395497

1689 gruber the Basher (level 6, 6/60 HPs)
             Began as a Minotaur Fighter on July 17, 2021.
             Was a Believer of Ru.
             Quit the game on level 7 of the Dungeon.
             The game lasted 00:04:38 (7325 turns).

gruber the Basher (Minotaur Fighter)                Turns: 7325, Time: 00:04:38

Health: 6/60       AC:  7    Str: 22    XL:     6   Next: 72%
Magic:  5/5        EV:  8    Int:  5    God:    Ru [**....]
Gold:   268        SH: 10    Dex: 11    Spells: 3/5 levels left

rFire    . . .     SeeInvis .   a - +0 flail
rCold    . . .     Faith    .   c - +0 kite shield
rNeg     . . .     Spirit   .   b - +0 scale mail
rPois    .         Reflect  .   (helmet restricted)
rElec    .         Harm     .   (no cloak)
rCorr    .         Rampage  .   (no gloves)
Will     .....                  (no boots)
Stlth    ..........             (no amulet)
HPRegen  0.20/turn              (no ring)
MPRegen  0.09/turn              (no ring)

@: no status effects
A: horns 2, inexperienced 1, retaliatory headbutt
a: Renounce Religion


You were on level 7 of the Dungeon.
You worshipped Ru.
Ru was pleased with you.
You visited 2 branches of the dungeon, and saw 8 of its levels.

You collected 268 gold pieces.

Inventory:

Hand Weapons
 a - a +0 flail (weapon)
 u - a +0 giant club
Missiles
 n - 18 poisoned darts (quivered)
Armour
 b - a +0 scale mail (worn)
 c - a +0 kite shield (worn)
 x - a +0 hat
Jewellery
 k - a +6 ring of intelligence
 r - a ring of magical power
Wands
 q - a wand of flame (17)
Scrolls
 e - 6 scrolls of identify {unknown}
 g - 7 scrolls of teleportation {unknown}
 i - 2 scrolls of amnesia {unknown}
 j - a scroll of enchant armour {unknown}
 l - a scroll of enchant weapon {unknown}
 p - 3 scrolls of magic mapping {unknown}
 t - a scroll of vulnerability {unknown}
 v - a scroll of fear {unknown}
Potions
 d - 2 potions of might
 f - 2 potions of attraction {unknown}
 h - 3 potions of curing
 m - 2 potions of haste {unknown}
 o - 2 potions of heal wounds {unknown}
 s - 2 potions of flight {unknown}
 w - a potion of magic {unknown}


   Skills:
 - Level 7.2 Fighting
 - Level 10.2 Maces & Flails
 + Level 5.8 Armour
 + Level 2.3 Dodging
 + Level 4.9 Shields


You had 3 spell levels left.
You knew the following spells:

 Your Spells              Type           Power      Damage    Failure   Level
a - Blink                 Tloc           N/A        N/A       100%        2

Your spell library contained the following spells:

 Spells                   Type           Power      Damage    Failure   Level
 Ozocubu's Armour         Ice            0%         N/A       100%        3
 Manifold Assault         Tloc           0%         N/A       100%        5
 Ozocubu's Refrigeration  Ice            0%         4d5       100%        7
 Storm Form               Tmut/Air       0%         N/A       100%        7


Dungeon Overview and Level Annotations

Branches:
Dungeon (7/15)             Temple (1/1) D:4

Altars:
Ashenzari
Cheibriados
Dithmenos
Elyvilon
Fedhas
Hepliaklqana
Makhleb
Nemelex Xobeh
Okawaru
Qazlal
Ru
Sif Muna
Trog
Uskayaw
Vehumet
Wu Jian
Xom
Yredelemnul
Zin
The Shining One

Shops:
D:2 !   D:6 :

Annotations:
D:4 3 runed translucent doors, Nattefrost's ghost, amateur DsFi
D:5 3 runed translucent doors, T2blue's ghost, weakling SpEn


Innate Abilities, Weirdness & Mutations

You have a pair of horns on your head.
You are somewhat inexperienced. (-2 XL)
You reflexively headbutt those who attack you in melee.


Message History

The killer bee stings you!
You focus your inner power and illuminate the killer bee in retribution!
You block the killer bee's attack.
You are too injured to fight recklessly!
You are too injured to fight recklessly!
Unknown command.
You are too injured to fight recklessly!
Unknown command.
You are too injured to fight recklessly!
Unknown command.
Unknown command.
You closely miss the killer bee. Your headbutt misses the killer bee.
The killer bee barely misses you.
You closely miss the killer bee. Your headbutt misses the killer bee.
The killer bee stings you.
You focus your inner power and illuminate the killer bee in retribution!
The killer bee stings you. You block the killer bee's attack.
The killer bee stings you but does no damage.
You closely miss the killer bee. You block the killer bee's attack. x3
The killer bee stings you.
* * * LOW HITPOINT WARNING * * *
You block the killer bee's attack.
You barely miss the killer bee. You block the killer bee's attack.
The killer bee closely misses you. The killer bee barely misses you.
You block the killer bee's attack.
You sock the killer bee!
The killer bee is severely wounded.
The killer bee stings you.
* * * LOW HITPOINT WARNING * * *
The killer bee stings you.
* * * LOW HITPOINT WARNING * * *
The killer bee stings you.
* * * LOW HITPOINT WARNING * * *
The killer bee stings you but does no damage.
The killer bee stings you.
* * * LOW HITPOINT WARNING * * *
Unknown command.
Unknown command.
Unknown command.
Are you sure you want to abandon this character and quit the game? (Confirm with "yes".)

#.... ##...<.#
#.....#......# ##
#.....#......# ...
>....y....#..##..
#..y..........
#####.###..##..#
#.....#y.......#...#..#
#.....#y#......#...#..#
#<....@y#..............
#....####.#.####...#...
#... #..(......#...#...
#.. #.#.....#.#.......
#. # #..#..#.#......# #
#..#............
#..#....#..#.... #.
#....#..#.#..
#.##....####.###


You could see 3 killer bees.

Vanquished Creatures
  3 black bears
  2 ogres
  A necrophage (D:4)
  3 centaurs (D:6)
  A phantom (D:4)
  3 bullfrogs
  A scorpion (D:4)
  A killer bee (D:7)
  2 hounds
  A jelly (D:6)
  A centaur skeleton (D:6)
  2 orc priests
  A scorpion zombie (D:5)
  An iguana (D:4)
  5 orc wizards
  4 gnolls
  7 adders
  A shadow imp (D:7)
  A worm (D:2)
  A dart slug (D:3)
  19 orcs
  6 endoplasms
  A giant cockroach (D:1)
  2 goblins
  6 hobgoblins
  4 quokkas
  7 ball pythons
  3 bats (D:1)
  2 frilled lizards (D:2)
  6 kobolds
  14 rats
112 creatures vanquished.

Notes
Turn   | Place    | Note
-------+----------+-------------------------------------------
     0 | D:1      | gruber the Minotaur Fighter began the quest for the Orb.
     0 | D:1      | Reached XP level 1. HP: 19/19 MP: 0/0
   166 | D:1      | Found a faded altar of an unknown god.
   174 | D:1      | Reached skill level 3 in Maces & Flails
   387 | D:1      | Reached XP level 2. HP: 26/26 MP: 1/1
   884 | D:2      | Found Ekhluj Herio's Distillery.
   891 | D:2      | Reached skill level 4 in Maces & Flails
   972 | D:2      | Reached XP level 3. HP: 13/31 MP: 2/2
  1285 | D:2      | Learned a level 2 spell: Blink
  1627 | D:1      | Reached skill level 5 in Maces & Flails
  1875 | D:3      | Reached XP level 4. HP: 24/39 MP: 3/3
  2113 | D:3      | Found a glowing golden altar of the Shining One.
  3013 | D:4      | Reached skill level 6 in Maces & Flails
  3060 | D:4      | Found a sparkling altar of Nemelex Xobeh.
  3145 | D:4      | Noticed a necrophage
  3152 | D:4      | Killed a necrophage
  3153 | D:4      | Reached skill level 7 in Maces & Flails
  3153 | D:4      | Reached XP level 5. HP: 40/45 MP: 4/4
  3214 | D:4      | Found a white marble altar of Elyvilon.
  3217 | D:4      | Found a hide-covered altar of Uskayaw.
  3220 | D:4      | Found a snail-covered altar of Cheibriados.
  3225 | D:4      | Found an iron altar of Okawaru.
  3335 | D:4      | Reached XP level 6. HP: 50/51 MP: 5/5
  3512 | D:4      | Reached skill level 8 in Maces & Flails
  3615 | D:4      | Found a runed translucent gate.
  3616 | D:4      | Found a runed translucent gate.
  3617 | D:4      | Found a runed translucent gate.
  3759 | D:4      | Found a burning altar of Makhleb.
  3760 | D:4      | Noticed a blizzard demon
  3817 | D:4      | Found a staircase to the Ecumenical Temple.
  3957 | Temple   | Entered the Ecumenical Temple
  4011 | Temple   | Became a worshipper of Ru the Awakened
  4075 | D:4      | Reached skill level 9 in Maces & Flails
  4439 | D:4      | Noticed Nattefrost's ghost (amateur DsFi)
  4488 | D:4      | Found a bloodstained altar of Trog.
  4682 | D:5      | Entered Level 5 of the Dungeon
  4702 | D:5      | Found a hazy altar of Hepliaklqana.
  4776 | D:5      | Reached XP level 7. HP: 13/57 MP: 6/6
  4788 | D:5      | HP: 2/57 [orc wizard (1)]
  5089 | D:5      | Found a runed translucent gate.
  5089 | D:5      | Found a runed translucent gate.
  5089 | D:5      | Found a runed translucent gate.
  5090 | D:5      | Noticed T2blue's ghost (weakling SpEn)
  5137 | D:5      | Found a shimmering blue altar of Sif Muna.
  5247 | D:5      | Reached skill level 10 in Maces & Flails
  5704 | D:6      | Reached skill level 5 in Fighting
  5799 | D:6      | HP: 2/61 [bullfrog (7)]
  5807 | D:6      | HP: 1/61 [bullfrog (3)]
  6134 | D:6      | Reached XP level 8. HP: 20/71 MP: 7/7
  6488 | D:6      | Found Koanleurgh's Self-Improvement Boutique.
  6521 | D:6      | Gained mutation: You are somewhat inexperienced. (-2 XL)
                  | [Ru sacrifice]
  6521 | D:6      | Reached XP level 7. HP: 66/66 MP: 6/6
  6521 | D:6      | Reached XP level 6. HP: 60/60 MP: 5/5
  6521 | D:6      | Reached * piety under Ru
  6521 | D:6      | Reached ** piety under Ru
  6886 | D:6      | Reached skill level 1 in Dodging
  7152 | D:7      | Reached skill level 5 in Armour
  7325 | D:7      | Quit the game

Illustrated notes

Levels and vault maps discovered:
D:1:      arrival_zaba_pyramid, layout_loops_ring,
          shapermc_ecumenical_altar_mp_ritualfount, minmay_rat_gold_closets
D:2:      layout_basic, serial_shops, nicolae_shop_behind_doors
D:3:      layout_loops_corners, tso_metal_star, due_unseen_surprise
D:4:      layout_loops_ring, grunt_temple_overflow_cloverleaf,
          makhleb_altar_promises_db, nemelex_dance_club_becter, trog_book,
          minmay_temple_entry_junction, ebering_ghost_rock_garden,
          kennysheep_another_room
D:5:      layout_rooms, mainiacjoe_overflow_boulevard,
          mainiacjoe_overflow_concentric_impassable,
          gammafunk_ghost_nasty_kobolds
D:6:      layout_basic, minmay_holes, nicolae_shop_self_help
D:7:      layout_basic, gammafunk_ghost_icy
Temple:   cyrus_temple_forest

Skill      XL: |  1  2  3  4  5  6  7  8 |
---------------+-------------------------+-----
Maces & Flails | 3 4 5 7 9 10 | 10.2
Fighting       | 6 7 |  7.2
Armour         | 5 |  5.8
Dodging        | 2 |  2.3
Shields        | 4 |  4.9

Action                   |  1- 3 |  4- 6 |  7- 9 || total
-------------------------+-------+-------+-------++-------
Melee: Flail             |    83 |   151 |    86 ||   320
       Headbutt          |    10 |    24 |    15 ||    49
Invok: Sacrifice Experie |       |     1 |       ||     1
  Use: Potion            |       |       |     2 ||     2
Armor: Scale mail        |    25 |    50 |    48 ||   123
Dodge: Dodged            |    24 |    38 |    20 ||    82
Block: Kite shield       |    37 |    68 |    37 ||   142

Table legend: (Time is in decaauts)
 A = Elapsed time spent in this place.
 B = Non-inter-level travel time spent in this place.
 C = Inter-level travel time spent in this place.
 D = Time resting spent in this place.
 E = Time spent auto-exploring this place.
 F = Levels seen in this place.
 G = Mean time per level.
                   A        B        C        D        E       F      G
               +--------+--------+--------+--------+--------+-----+--------+
         Total |   7411 |   7126 |    285 |    919 |   5407 |   8 |  926.4 |
       Dungeon |   7317 |   7071 |    246 |    919 |   5355 |   7 | 1045.3 |
        Temple |     93 |     54 |     39 |      0 |     52 |   1 |   93.0 |
               +--------+--------+--------+--------+--------+-----+--------+

Top non-repeatable levels by time:
     D:4: 1613 daAuts
     D:5: 1409 daAuts
     D:6: 1172 daAuts
     D:2: 1086 daAuts
     D:3: 1027 daAuts
     D:1: 928 daAuts
  Temple: 93 daAuts
     D:7: 79 daAuts
